AoeStats
← Gregory176144

Arena

510035193Analyzed
1v1 RM · 3d ago on Sep 29, 2026· 34m 55s· 2 players
Game mode
Random Map
Map size
Tiny (2 player)
Population
200
Speed
Normal
Resources
Standard
Victory
Conquest
Starting age
Dark Age
Ending age
Imperial Age
RankedLock teamsTeams togetherTeam positionsShared explorationLock speedFull tech treeHidden civsTurbo modeCheats
Victory
Defeat
🇦🇷 Wei · Argentina
1134
+37
🇻🇳 Huns · Vietnam
1138
-16
Gregory176144
8:28 Feudal Age
8:54 Double-Bit Axe
8:52 Horse Collar
11:21 Wheelbarrow
10:43 Gold Mining
11:07 Stone Mining
17:41 Castle Age
18:46 Hand Cart
18:42 Bow Saw
18:32 Heavy Plow
19:09 Gold Shaft Mining
19:10 Stone Shaft Mining
19:30 Treadmill Crane
29:09 Imperial Age
26:54 Town Watch
26:56 Loom
27:37 Ballistics
27:28 Masonry
27:28 Fletching
27:39 Padded Archer Armor
28:18 Bodkin Arrow
28:39 Leather Archer Armor
28:58 Tuntian
29:55 Bracer
30:25 Ring Archer Armor
30:57 Chemistry
30:11 Thumb Ring
30:42 Conscription
31:54 Parthian Tactics
32:38 Scale Barding Armor
32:44 Forging
34:46 Chain Barding Armor
35:02 Iron Casting
WooftyDoosh
10:46 Feudal Age
15:43 Castle Age
15:11 Loom
15:26 Double-Bit Axe
15:35 Horse Collar
23:56 Bow Saw
25:47 Wheelbarrow
26:45 Heavy Plow
27:23 Hand Cart
27:30 Hand Cart
27:34 Town Watch
27:45 Gold Mining
31:44 Imperial Age
30:42 Gold Shaft Mining
30:35 Bloodlines
30:25 Husbandry
30:50 Scale Barding Armor
30:59 Forging
32:29 Iron Casting
31:45 Cavalier
32:52 Conscription
33:49 Scale Barding Armor
35:21 Chain Barding Armor
Connection lost

Rejoining the realm…

Still unreachable

The connection could not be restored.

Session expired

The server has moved on; the page needs a fresh start.